 Dungeon Crawl Stone Soup version 0.26-a0-771-g060e6a62af (webtiles) character file.

Game seed: 16195508113199134527

2071 Queen the Transmogrifier (level 9, -1/88 HPs)
             Began as an Ogre Transmuter on Nov 8, 2020.
             Was a Priest of Ru.
             Slain by Duvessa
             ... wielding a +0 short sword
              (4 damage)
             ... on level 6 of the Dungeon.
             The game lasted 00:19:58 (6464 turns).

Queen the Transmogrifier (Ogre Transmuter)          Turns: 6464, Time: 00:19:59

Health: -1/88      AC:  2    Str: 19    XL:     9   Next: 26%
Magic:  11/13      EV: 19    Int: 14    God:    Ru [***...]
Gold:   107        SH:  0    Dex: 14    Spells: 10/14 levels left

rFire    . . .     SeeInvis .     - Unarmed
rCold    . . .     Faith    .   (shield currently unavailable)
rNeg     . . .     Spirit   .   (armour currently unavailable)
rPois    x         Reflect  .   (helmet currently unavailable)
rElec    .         Harm     .   (cloak currently unavailable)
rCorr    .         Rampage  .   (gloves unavailable)
MR       .....                  (boots unavailable)
Stlth    +.........             (no amulet)
HPRegen  0.24/turn              (no ring)
MPRegen  0.13/turn              (no ring)

@: lethally poisoned (-1 -> -3), spider-form, no scrolls
A: tiny, unfitting armour, inability to read while threatened, hated by all
a: End Transformation, Draw Out Power, Renounce Religion


You were on level 6 of the Dungeon.
You worshipped Ru.
Ru was most pleased with you.
You were a venomous arachnid creature.
You visited 1 branch of the dungeon, and saw 7 of its levels.

You collected 296 gold pieces.
You spent 189 gold pieces at shops.

Inventory:

Armour
 a - a +0 robe (melded)
 r - a +2 leather armour of magic resistance
Wands
 n - a wand of flame (11)
 s - a wand of polymorph (8)
Scrolls
 b - a scroll of identify {@r1}
 c - 7 scrolls of teleportation
 f - 3 scrolls of magic mapping
 h - 3 scrolls of remove curse
 k - 2 scrolls of amnesia
 p - a scroll of fear {unknown}
 q - a scroll of holy word
 t - a scroll of enchant armour {unknown}
Potions
 d - 2 potions of curing
 e - 2 potions of mutation
 g - a potion of brilliance
 i - a potion of lignification
 j - a potion of ambrosia
 l - a potion of heal wounds
 o - 3 potions of flight


   Skills:
 - Level 5.0 Fighting
 - Level 1.7 Dodging
 - Level 5.0 Unarmed Combat
 - Level 3.0 Spellcasting
 + Level 9.5 Transmutations


You had 10 spell levels left.
You knew the following spells:

 Your Spells              Type           Power        Failure   Level
a - Beastly Appendage     Tmut           ####..       3%          1
b - Spider Form           Tmut/Pois      ###.......   22%         3

Your spell library contained the following spells:

 Spells                   Type           Power        Failure   Level
 Wereblood                Tmut           ####....     4%          2
 Blade Hands              Tmut           ####......   28%         5
 Ice Form                 Ice/Tmut       ###.....     52%         4


Dungeon Overview and Level Annotations

Branches:
Dungeon (7/15)             Temple (0/1) D:6

Altars:
Ashenzari
Cheibriados
Elyvilon
Nemelex Xobeh
Okawaru
Ru
Xom
Zin

Shops:
D:5 ?   D:6 ?

Annotations:
D:6 Duvessa


Innate Abilities, Weirdness & Mutations

You are too large for most types of armour.
((You have tough skin. (AC +1)))
You cannot read scrolls while threatened.
You are hated by all.


Message History

You focus your will and blind the adder in retribution!
Duvessa hits you but does no damage. The adder misses you.
You bite the adder!
You kill the adder!
You feel sick. Duvessa misses you.
You feel sick.
Duvessa rages.
Duvessa barely misses you.
You feel sick.
You feel sick.
Duvessa stops glowing.
Duvessa rages.
Duvessa barely misses you.
You feel sick. Duvessa misses you.
You feel sick. Duvessa hits you with a +0 short sword!
* * * LOW HITPOINT WARNING * * *
You hit Duvessa.
Duvessa looks as sick as possible!
Duvessa is severely wounded.
You feel sick. Duvessa hits you with a +0 short sword.
You die...

###.............## #
#................# #
##..............## #
#............### #
#...........## #
##.........## #
#.........###
#...#.....(.#####
#####..se.......#####
##................####
##.....(##...†........#
##....(.####......###...
##....(### ###.....#####
##....(## ##.....####
##.....## ##.(...##.
##.......# #####.>)..#.
##........##
####...........


You could see Duvessa (berserk, fast, extremely poisoned).

Vanquished Creatures
  Pikel (D:6)
  Grinder (D:3)
  An orc warrior (D:6)
  A sky beast (D:5)
  3 ogres
  2 lemures (D:6)
  A bullfrog (D:6)
  A wyvern zombie (D:5)
  Dowan (D:6)
  3 killer bees (D:7)
  2 howler monkeys (D:6)
  A quasit (D:5)
  A bullfrog zombie (D:6)
  A hound (D:7)
  2 orc priests (D:4)
  An iguana (D:4)
  2 orc wizards
  5 worker ants
  A hound zombie (D:5)
  A hound skeleton (D:5)
  A howler monkey zombie (D:2)
  A gnoll (D:6)
  2 howler monkey skeletons
  5 adders
  A shadow imp (D:6)
  A white imp (D:6)
  An ufetubus (D:6)
  2 oozes
  An adder skeleton (D:6)
  4 worms
  A dart slug (D:3)
  2 leopard geckos
  14 orcs
  3 bats
  2 giant cockroaches
  6 goblins
  6 hobgoblins
  15 jackals
  9 kobolds
  A quokka (D:2)
  6 frilled lizards
  A leopard gecko skeleton (D:4)
  A leopard gecko zombie (D:6)
  A quokka skeleton (D:6)
  5 rats
124 creatures vanquished.

Notes
Turn   | Place    | Note
-------+----------+-------------------------------------------
     0 | D:1      | Queen the Ogre Transmuter began the quest for the Orb.
     0 | D:1      | Reached XP level 1. HP: 19/19 MP: 3/3
    30 | D:1      | You fall into a shaft and drop 1 floor!
   104 | D:2      | Reached skill level 2 in Transmutations
   104 | D:2      | Reached XP level 2. HP: 19/28 MP: 3/5
   139 | D:2      | Reached XP level 3. HP: 19/35 MP: 5/7
   648 | D:2      | Found a faded altar of an unknown god.
   663 | D:2      | Found a glowing silver altar of Zin.
   664 | D:2      | Found a sacrificial altar of Ru.
   804 | D:2      | Found a broken altar of Ashenzari.
   982 | D:2      | Became a worshipper of Ru the Awakened
  1068 | D:3      | Noticed Grinder
  1073 | D:3      | Reached XP level 4. HP: 21/44 MP: 6/8
  1323 | D:2      | Learned a level 3 spell: Spider Form
  1358 | D:3      | Reached skill level 3 in Transmutations
  1811 | D:3      | Reached XP level 5. HP: 49/50 MP: 9/9
  2091 | D:3      | Found a sparkling altar of Nemelex Xobeh.
  2157 | D:3      | Killed Grinder
  2157 | D:3      | Reached skill level 5 in Transmutations
  2157 | D:3      | Reached XP level 6. HP: 31/62 MP: 3/10
  2509 | D:4      | Found a sparkling altar of Nemelex Xobeh.
  2547 | D:4      | Reached skill level 5 in Fighting
  2720 | D:4      | Gained mutation: You cannot read scrolls while threatened.
                  | [Ru sacrifice]
  2720 | D:4      | Reached * piety under Ru
  2735 | D:4      | Reached XP level 7. HP: 65/72 MP: 7/11
  3202 | D:5      | Entered Level 5 of the Dungeon
  4011 | D:5      | Reached skill level 5 in Unarmed Combat
  4105 | D:5      | Found Zoasch's Magic Scroll Shop.
  4117 | D:5      | Bought a scroll of magic mapping for 42 gold pieces
  4117 | D:5      | Bought a scroll of holy word for 90 gold pieces
  4117 | D:5      | Bought a scroll of identify for 24 gold pieces
  4342 | D:6      | Reached XP level 8. HP: 73/80 MP: 10/12
  4415 | D:6      | Reached skill level 6 in Transmutations
  4640 | D:6      | Found Wixtag's Magic Scroll Emporium.
  4646 | D:6      | Bought a scroll of remove curse for 33 gold pieces
  4715 | D:6      | Found a white marble altar of Elyvilon.
  4894 | D:6      | Found a snail-covered altar of Cheibriados.
  4907 | D:6      | Reached skill level 7 in Transmutations
  4934 | D:6      | Found a staircase to the Ecumenical Temple.
  5026 | D:6      | Gained mutation: You are hated by all. [Ru sacrifice]
  5026 | D:6      | Reached ** piety under Ru
  5026 | D:6      | Reached *** piety under Ru
  5173 | D:6      | Found an iron altar of Okawaru.
  5326 | D:6      | Noticed Pikel
  5346 | D:6      | Killed Pikel
  5346 | D:6      | Reached skill level 8 in Transmutations
  5346 | D:6      | Reached XP level 9. HP: 29/88 MP: 11/13
  5611 | D:6      | Found a shimmering altar of Xom.
  5876 | D:7      | Reached skill level 9 in Transmutations
  6423 | D:7      | Noticed Duvessa
  6423 | D:7      | Noticed Dowan
  6450 | D:6      | Killed Dowan
  6463 | D:6      | HP: 4/88 [Duvessa/+0 short sword (8)]
  6464 | D:6      | Slain by Duvessa

Illustrated notes

Levels and vault maps discovered:
D:1:      tarquinn_simple_flora_water_b, layout_basic, kennysheep_small_spiral
D:2:      layout_loops_ring, chequers_temple_overflow_statue_of_worship,
          ashenzari_altar_1, chequers_ecumenical_altar_simple,
          hangedman_glass_teeth
D:3:      layout_basic, chequers_serial_rivers_room_a, grunt_decor_mini_mirrors,
          nemelex_spade_bored_becter, uniq_grinder
D:4:      layout_basic, nemelex_xobeh_ov_fountains_minmay
D:5:      layout_loops_cross, serial_shops, shop_fountains
D:6:      layout_cave_pods, overflow_temple_1_default, kennysheep_mini_moat,
          okawaru_altar_gauntlet_db, minmay_temple_entry_waves, serial_shops,
          nicolae_shop_stone, cheibriados_altar_1, uniq_pikel
D:7:      layout_rooms, minmay_large_rounded_square, minmay_microvault,
          uniq_duvessa

Skill      XL: |  1  2  3  4  5  6  7  8  9 |
---------------+----------------------------+-----
Fighting       | 2 4 5 |  5.0
Transmutations | 2 3 5 8 9 |  9.5
Unarmed Combat | 3 5 |  5.0
Spellcasting   | 3 |  3.0
Dodging        | |  1.7

Action                   |  1- 3 |  4- 6 |  7- 9 || total
-------------------------+-------+-------+-------++-------
Melee: Unarmed           |    68 |   106 |   225 ||   399
       Kick              |    13 |    17 |     3 ||    33
       Headbutt          |     8 |     9 |     3 ||    20
       Punch             |     2 |       |       ||     2
 Cast: Beastly Appendage |    17 |    13 |     4 ||    34
       Spider Form       |       |     6 |    30 ||    36
Invok: Sacrifice Words   |       |     1 |       ||     1
       Sacrifice Love    |       |       |     1 ||     1
  Use: Scroll            |       |       |    12 ||    12
       Potion            |       |       |     1 ||     1
 Stab: Invisible         |       |       |     3 ||     3
Armor: Robe              |    11 |    16 |    14 ||    41
       Skin              |       |     3 |    13 ||    16
Dodge: Dodged            |    32 |    69 |   202 ||   303

Table legend: (Time is in decaauts)
 A = Elapsed time spent in this place.
 B = Non-inter-level travel time spent in this place.
 C = Inter-level travel time spent in this place.
 D = Time resting spent in this place.
 E = Time spent auto-exploring this place.
 F = Levels seen in this place.
 G = Mean time per level.
                   A        B        C        D        E       F      G
               +--------+--------+--------+--------+--------+-----+--------+
         Total |   6444 |   6252 |    192 |   2693 |   2371 |   7 |  920.6 |
       Dungeon |   6444 |   6252 |    192 |   2693 |   2371 |   7 |  920.6 |
               +--------+--------+--------+--------+--------+-----+--------+

Top non-repeatable levels by time:
     D:2: 1410 daAuts
     D:6: 1362 daAuts
     D:3: 1053 daAuts
     D:4: 971 daAuts
     D:5: 882 daAuts
     D:7: 733 daAuts
     D:1: 30 daAuts
